 Dungeon Crawl Stone Soup version 0.24-a0-250-g6074511 (webtiles) character file.

Game seed: 7067318033156237817

2059 Borgoz the Slicer (level 9, -5/54 HPs)
             Began as a Kobold Gladiator on Apr 15, 2019.
             Slain by a sky beast (6 damage)
             ... in the Ecumenical Temple.
             The game lasted 00:10:43 (5628 turns).

Borgoz the Slicer (Kobold Gladiator)                Turns: 5628, Time: 00:10:44

Health: -5/54      AC: 10    Str: 19    XL:     9   Next: 49%
Magic:  9/9        EV: 18    Int: 10    God:
Gold:   235        SH:  0    Dex: 16    Spells: 8/8 levels left

rFire    . . .     SeeInvis .   b - +0 rapier (venom)
rCold    . . .     Gourm    .   (shield restricted)
rNeg     . . .     Faith    .   t - +0 ring mail
rPois    .         Spirit   .   c - +0 helmet
rElec    .         Reflect  .   z - +0 cloak
rCorr    +         Harm     .   s - +0 pair of gloves (curse)
MR       .....                  h - +0 pair of boots
Stlth    ++........             (no amulet)
HPRegen  0.18/turn              q - ring of resist corrosion
MPRegen  0.11/turn              i - +5 ring of strength

@: marked, flying, lightly drained
A: small, carnivore
a: no special abilities


You were in the Ecumenical Temple.
You were completely stuffed.

You visited 2 branches of the dungeon, and saw 8 of its levels.

You collected 235 gold pieces.

Inventory:

Hand Weapons
 a - a +0 rapier
 b - a +0 rapier of venom (weapon)
Missiles
 d - a throwing net (quivered)
Armour
 c - a +0 helmet (worn)
 h - a +0 pair of boots (worn)
 s - a cursed +0 pair of gloves (worn)
 t - a +0 ring mail (worn)
 z - a +0 cloak (worn)
Jewellery
 i - a +5 ring of strength (right hand)
 m - an uncursed ring of flight
 q - a ring of resist corrosion (left hand)
Wands
 u - a wand of paralysis (21)
Scrolls
 e - a scroll of immolation {unknown}
 j - 4 scrolls of teleportation
 k - 4 scrolls of fear {unknown}
 l - 2 scrolls of enchant armour {unknown}
 o - 4 scrolls of remove curse {unknown}
 r - 6 scrolls of identify {unknown}
 x - a scroll of fog {unknown}
 y - a scroll of noise {unknown}
Potions
 g - 2 potions of brilliance
 n - a potion of resistance {unknown}
 p - 3 potions of haste {unknown}
 v - a potion of magic {unknown}
 w - a potion of flight
 B - a potion of curing {unknown}
 C - a potion of mutation {unknown}
Comestibles
 f - 9 rations


   Skills:
 + Level 5.3(5.1) Fighting
 + Level 11.4(11.1) Short Blades
 - Level 2.2(2.0) Throwing
 + Level 3.5(3.3) Armour
 + Level 6.8(6.6) Dodging
 + Level 3.4(3.2) Stealth
 + Level 0.2(0.0) Evocations


You had 8 spell levels left.
You didn't know any spells.
Your spell library was empty.

Dungeon Overview and Level Annotations

Branches:
Dungeon (7/15)             Temple (1/1) D:7

Altars:
Ashenzari
Cheibriados
Elyvilon
Fedhas
Kikubaaqudgha
Makhleb
Okawaru
Ru
Yredelemnul
Zin
The Shining One


Innate Abilities, Weirdness & Mutations

You are small and have problems with some larger weapons.
You are carnivorous and can eat meat at any time.


Message History

The bullfrog closely misses you.
The sky beast flickers out of sight!
Deactivating autopickup; reactivate with Ctrl-A.
Something hits you but does no damage.
You puncture the bullfrog!
You kill the bullfrog!
Unknown command.
You barely miss something. Something hits you but does no damage.
Found a burning altar of Makhleb and an iron altar of Okawaru.
Found a sacrificial altar of Ru.
A sky beast appears from thin air!
Reactivating autopickup.
The sky beast flickers out of sight!
Deactivating autopickup; reactivate with Ctrl-A.
Found a blossoming altar of Fedhas.
A sky beast appears from thin air!
Reactivating autopickup.
The sky beast hits you.
* * * LOW HITPOINT WARNING * * *
The sky beast shocks you.
You die...

≈≈≈≈≈≈≈§§ ≈≈≈≈≈≈
≈≈≈§§≈§§§§≈≈§≈≈≈≈
≈§≈§≈≈≈≈≈≈§§≈≈§≈≈≈
...........§§.§§§≈≈
.................≈≈≈
.._......._..........
......................
..............@...._..
.............Y........
......._..............
......................
._..........._........
......................
.......<............._
......................
..._......._........


You could see a sky beast.

Vanquished Creatures
  Sigmund (D:4)
  2 steam dragons (D:5)
  A sky beast (D:5)
  A necrophage (D:5)
  3 ogres
  A centaur (D:6)
  3 bullfrogs
  2 scorpions
  3 howler monkeys
  A crimson imp (D:7)
  A bullfrog zombie (D:6)
  An orc priest (D:6)
  4 orc wizards
  3 bullfrog skeletons
  2 centaur skeletons
  2 iguanas (D:6)
  3 worker ants
  A hound skeleton (D:5)
  A worker ant zombie (D:5)
  A howler monkey skeleton (D:4)
  4 gnolls (D:2)
  9 adders
  2 oozes (D:1)
  2 adder skeletons (D:4)
  3 worms
  5 dart slugs
  5 leopard geckos
  14 orcs
  3 giant cockroaches
  7 goblins
  6 hobgoblins
  6 jackals
  5 kobolds
  7 quokkas
  6 ball pythons
  4 bats
  8 frilled lizards
  2 rats (D:1)
135 creatures vanquished.

Notes
Turn   | Place    | Note
-------+----------+-------------------------------------------
     0 | D:1      | Borgoz the Kobold Gladiator began the quest for the Orb.
     0 | D:1      | Reached XP level 1. HP: 12/12 MP: 1/1
   261 | D:1      | Reached XP level 2. HP: 13/17 MP: 2/2
   438 | D:1      | Reached skill level 5 in Short Blades
   444 | D:1      | Reached XP level 3. HP: 22/22 MP: 3/3
   999 | D:2      | Reached XP level 4. HP: 3/27 MP: 4/4
  1001 | D:2      | HP: 2/40 [poisoned by an adder]
  1009 | D:2      | HP: 1/40 [poisoned by an adder]
  1723 | D:2      | Reached skill level 6 in Short Blades
  1723 | D:2      | Reached XP level 5. HP: 12/31 MP: 5/5
  2419 | D:3      | Reached XP level 6. HP: 30/36 MP: 6/6
  2425 | D:3      | Reached skill level 7 in Short Blades
  3022 | D:4      | Reached skill level 5 in Dodging
  3160 | D:4      | Reached skill level 1 in Armour
  3196 | D:4      | Reached skill level 8 in Short Blades
  3244 | D:4      | Noticed Sigmund
  3251 | D:4      | Killed Sigmund
  3251 | D:4      | Reached skill level 1 in Stealth
  3251 | D:4      | Reached XP level 7. HP: 41/41 MP: 7/7
  3611 | D:5      | Entered Level 5 of the Dungeon
  3666 | D:5      | Reached skill level 9 in Short Blades
  3737 | D:5      | Reached XP level 8. HP: 28/46 MP: 8/8
  4094 | D:5      | Reached skill level 10 in Short Blades
  4650 | D:6      | Reached XP level 9. HP: 18/52 MP: 9/9
  5076 | D:6      | Reached skill level 5 in Fighting
  5146 | D:6      | Paralysed by a centaur for 6 turns
  5147 | D:6      | Reached skill level 11 in Short Blades
  5603 | D:7      | Found a staircase to the Ecumenical Temple.
  5612 | Temple   | Entered the Ecumenical Temple
  5628 | Temple   | HP: 1/54 [sky beast (4)]
  5628 | Temple   | Slain by a sky beast

Levels and vault maps discovered:
D:1:      psy_arrival_dodecagon, layout_basic, minivault_14
D:2:      layout_basic
D:3:      layout_basic, first_ration
D:4:      minmay_spotlight, layout_loops_ring, kennysheep_pointless_box,
          chequers_serial_rivers_marsh, uniq_sigmund
D:5:      kennysheep_steamy, layout_basic, minmay_circle_x
D:6:      layout_loops_ring
D:7:      layout_basic, minmay_temple_entry_statues_pillars
Temple:   compressed_dpeg_triangle_lava_temple

Skill      XL: |  1  2  3  4  5  6  7  8  9 |
---------------+----------------------------+-----
Short Blades   | 5 6 8 9 10 11 | 11.4
Dodging        | 4 5 6 |  6.8
Fighting       | 3 4 5 |  5.3
Armour         | 1 2 3 |  3.5
Stealth        | 1 2 3 |  3.4
Throwing       | |  2.2
Evocations     | |  0.2

Action                   |  1- 3 |  4- 6 |  7- 9 || total
-------------------------+-------+-------+-------++-------
Melee: Rapier            |    71 |   206 |   249 ||   526
Throw: Throwing net      |       |     1 |     3 ||     4
Evoke: Wand              |       |     1 |       ||     1
  Use: Potion            |     4 |       |     1 ||     5
       Scroll            |       |     1 |     1 ||     2
 Stab: Sleeping          |     1 |       |     1 ||     2
       Held in net/web   |       |     1 |     1 ||     2
       Paralysed         |       |     1 |       ||     1
  Eat: Chunk             |     9 |     6 |     9 ||    24
Armor: Leather armour    |    12 |     3 |       ||    15
       Skin              |     3 |       |       ||     3
       Ring mail         |       |    44 |    51 ||    95
Dodge: Dodged            |    55 |   128 |   159 ||   342

Table legend:
 A = Non-vault XP
 B = Vault XP
 C = Vault XP percentage of total XP
 D = Non-vault monster count
 E = Vault monster count
 F = Vault count percentage of total count
                 A         B        C        D         E       F
            +---------+---------+-------+---------+---------+-------
      Total |    2201 |     741 |  25.2 |     124 |      11 |   8.1
            +---------+---------+-------+---------+---------+-------
        D:1 |      40 |       0 |   0.0 |      16 |       0 |   0.0
        D:2 |     119 |       0 |   0.0 |      24 |       0 |   0.0
        D:3 |     192 |       0 |   0.0 |      30 |       0 |   0.0
        D:4 |     182 |     270 |  59.7 |      13 |       5 |  27.8
        D:5 |     624 |     471 |  43.0 |      18 |       6 |  25.0
        D:6 |     830 |       0 |   0.0 |      18 |       0 |   0.0
        D:7 |     121 |       0 |   0.0 |       4 |       0 |   0.0
     Temple |      93 |       0 |   0.0 |       1 |       0 |   0.0
            +---------+---------+-------+---------+---------+-------
